 Dungeon Crawl Stone Soup version 0.22.1-1-ga44c0e5 (webtiles) character file.

938 nixmar the Skirmisher (level 8, 33/54 HPs)
             Began as a Gargoyle Berserker on Oct 14, 2018.
             Was a Believer of Trog.
             Quit the game on level 4 of the Dungeon on Oct 16, 2018.
             The game lasted 00:13:18 (3242 turns).

nixmar the Skirmisher (Gargoyle Berserker)          Turns: 3242, Time: 00:13:18

Health: 33/54      AC: 16    Str: 23    XL:     8   Next: 12%
Magic:  8/8        EV:  8    Int:  8    God:    Trog [**....]
Gold:   161        SH:  0    Dex:  9    Spells: 7/7 levels left

rFire    . . .     SeeInvis .   a - +0 mace
rCold    . . .     Gourm    .   (no shield)
rNeg     + . .     Faith    .   f - +0 chain mail
rPois    ∞         Spirit   .   l - +0 helmet
rElec    +         Reflect  .   (no cloak)
rCorr    .         Harm     .   k - +0 pair of gloves
MR       +....                  (no boots)
Stlth    ..........             (no amulet)
HPRegen  0.18/turn              e - ring of protection from magic
MPRegen  0.11/turn              (no ring)

@: no status effects
A: negative energy resistance 1, electricity resistance, unbreathing,
petrification resistance, rot immunity, AC +5
a: Berserk, Trog's Hand, Renounce Religion


You were on level 4 of the Dungeon.
You worshipped Trog.
Trog was pleased with you.
You were not hungry.

You visited 1 branch of the dungeon, and saw 5 of its levels.

You collected 161 gold pieces.

Inventory:

Hand Weapons
 a - a +0 mace (weapon)
Armour
 f - a +0 chain mail (worn)
 k - a +0 pair of gloves (worn)
 l - a +0 helmet (worn)
Jewellery
 e - a ring of protection from magic (left hand)
Wands
 h - a wand of disintegration (10)
 u - a wand of paralysis (10)
Scrolls
 i - 2 scrolls of random uselessness
 m - 7 scrolls of teleportation
 n - a scroll of enchant weapon {unknown}
 o - 3 scrolls of amnesia {unknown}
 p - 2 scrolls of enchant armour {unknown}
 s - 4 scrolls of remove curse
 v - a scroll of blinking {unknown}
Potions
 b - a potion of curing
 d - 2 potions of flight {unknown}
 j - 4 potions of haste
 q - a potion of agility
 r - a potion of lignification {unknown}
 t - a potion of brilliance {unknown}
 w - a potion of resistance {unknown}
Comestibles
 c - 6 rations


   Skills:
 + Level 7.7 Fighting
 + Level 7.0 Maces & Flails
 - Level 2.1 Armour
 - Level 1.5 Dodging


You had 7 spell levels left.
You didn't know any spells.
Your spell library was empty.

Dungeon Overview and Level Annotations

Branches:
Dungeon (5/15)
 Temple: D:4-7

Altars:
Ashenzari
Gozag
Makhleb
Sif Muna


Innate Abilities, Weirdness & Mutations

You are resistant to torment.
Your stone body is resilient. (AC +5)
You are immune to poison.
You resist negative energy. (rN+)
You are resistant to electric shocks. (rElec)
You can survive without breathing.
You are immune to petrification.
You are immune to rotting.


Message History

The killer bee stings you but does no damage.
The killer bee barely misses you. The killer bee closely misses you.
The killer bee stings you.
The killer bee stings you but does no damage.
The killer bee barely misses you. The killer bee stings you.
The killer bee barely misses you.
As you read the scroll labeled ANKUUG TOISSA, it crumbles to dust.
You assume a fearsome visage.
The killer bee looks frightened! x3
It was a scroll of fear.
There is an escape hatch in the floor here.
You feel the effects of Trog's Hand fading.
There is an escape hatch in the ceiling here.
Your skin stops crawling.
You feel less resistant to hostile enchantments.
A mysterious force pulls you upwards. The hatch slams shut behind you.
You recover from your berserk rage.
Welcome back, nixmar the Gargoyle Berserker.
Trog says: Kill them all!
Press ? for a list of commands and other information.
Are you sure you want to abandon this character and quit the game? (Confirm

.....#...........##...#######
.....#................##....#
.....#......................#
.....#......................#
.....#...........##...##....#
.....#.....##....##+####....#
.....#####+##....##...#.....#
.....##....##.........#.....#
................@......#....#
.................##....######
..................####.#
...........##.....# ###
...........##....##
.....##....##.....#
.....##....##.....#
.....##.....#.....#
.....'....[.#.....#


There were no monsters in sight!

Vanquished Creatures
  A troll (D:3)
  Menkaure (D:5)
  The ghost of Folque the Bolt Thrower, an amateur KoHu (D:3)
  A phantom (D:4)
  An ogre (D:4)
  A scorpion (D:4)
  A wight (D:3)
  A crimson imp (D:5)
  An orc wizard (D:3)
  A howler monkey skeleton (D:4)
  7 adders
  An ooze (D:3)
  5 dart slugs
  4 worms
  A leopard gecko (D:2)
  9 orcs
  A ball python (D:1)
  6 bats
  2 giant cockroaches
  5 goblins
  5 hobgoblins
  2 quokkas
  3 frilled lizards
  9 kobolds
  6 rats
76 creatures vanquished.

Notes
Turn   | Place    | Note
-------+----------+-------------------------------------------
     0 | D:1      | nixmar the Gargoyle Berserker began the quest for the Orb.
     0 | D:1      | Reached XP level 1. HP: 14/14 MP: 1/1
   139 | D:1      | Reached XP level 2. HP: 19/19 MP: 2/2
   464 | D:1      | Reached XP level 3. HP: 21/24 MP: 3/3
   920 | D:2      | Reached ** piety under Trog
  1076 | D:2      | Reached XP level 4. HP: 30/30 MP: 4/4
  1276 | D:2      | Found a faded altar of an unknown god.
  1523 | D:2      | Found a deep blue altar of Sif Muna.
  1524 | D:2      | Found a burning altar of Makhleb.
  1924 | D:3      | Reached XP level 5. HP: 34/34 MP: 5/5
  1941 | D:3      | Reached skill level 5 in Fighting
  1968 | D:3      | Found a runed gate.
  2025 | D:3      | Found a runed gate.
  2025 | D:3      | Found an opulent altar of Gozag.
  2027 | D:3      | Found a runed gate.
  2029 | D:3      | Noticed a troll
  2029 | D:3      | Noticed Folque's ghost (amateur KoHu)
  2164 | D:3      | Found a shattered altar of Ashenzari.
  2463 | D:4      | Noticed a phantom
  2523 | D:4      | Killed a phantom
  2523 | D:4      | Reached skill level 5 in Maces & Flails
  2523 | D:4      | Reached XP level 6. HP: 26/41 MP: 6/6
  2938 | D:4      | Reached *** piety under Trog
  3117 | D:3      | Reached XP level 7. HP: 47/47 MP: 7/7
  3129 | D:3      | Killed a troll
  3146 | D:3      | Killed Folque's ghost
  3182 | D:5      | Entered Level 5 of the Dungeon
  3182 | D:5      | Noticed Menkaure
  3192 | D:5      | Killed Menkaure
  3192 | D:5      | Reached XP level 8. HP: 47/54 MP: 8/8
  3242 | D:4      | Quit the game

Skill      XL: |  1  2  3  4  5  6  7 |
---------------+----------------------+-----
Fighting       | 4 5 6 7 |  7.7
Maces & Flails | 4 5 7 |  7.0
Armour         | |  2.1
Dodging        | |  1.5

Action                   |  1- 3 |  4- 6 |  7- 9 || total
-------------------------+-------+-------+-------++-------
Melee: Mace              |    89 |   177 |    42 ||   308
Invok: Berserk           |       |     2 |     1 ||     3
       Trog's Hand       |       |     1 |     3 ||     4
  Use: Scroll            |       |     7 |     1 ||     8
  Eat: Chunk             |     1 |     3 |       ||     4
       Ration            |       |     1 |     2 ||     3
Armor: Animal skin       |    13 |       |       ||    13
       Chain mail        |    40 |   117 |    77 ||   234
Dodge: Dodged            |    52 |    68 |    59 ||   179
